Workbook
Name \0: #REF!
Name \0: #REF!
Name \0: #REF!
Name \0: #REF!
Name \0: #REF!
Name \0: #REF!
Name \0: #REF!
Name \a: #REF!
Name \a: #REF!
Name \a: #REF!
Name \a: #REF!
Name \a: #REF!
Name \b: #REF!
Name \b: #REF!
Name \b: #REF!
Name \b: '[1]Quilometragem de Setor'!#REF!
Name \b: #REF!
Name \b: #REF!
Name \b: #REF!
Name \e: #REF!
Name \e: #REF!
Name \e: #REF!
Name \e: #REF!
Name \e: #REF!
Name \p: #REF!
Name \p: #REF!
Name \p: #REF!
Name \p: #REF!
Name \p: #REF!
Name _: #REF!
Name _: #REF!
Name _: #REF!
Name _: #REF!
Name _: #REF!
Name _: #REF!
Name _: #REF!
Name ___xlnm.Print_Area_3: #REF!
Name ___xlnm.Print_Area_3: #REF!
Name ___xlnm.Print_Area_3: #REF!
Name ___xlnm.Print_Area_3: #REF!
Name ___xlnm.Print_Area_3: #REF!
Name ___xlnm.Print_Area_3: #REF!
Name ___xlnm.Print_Area_3: #REF!
Name ___xlnm.Print_Titles_3: #REF!
Name ___xlnm.Print_Titles_3: #REF!
Name ___xlnm.Print_Titles_3: #REF!
Name ___xlnm.Print_Titles_3: #REF!
Name ___xlnm.Print_Titles_3: #REF!
Name ___xlnm.Print_Titles_3: #REF!
Name ___xlnm.Print_Titles_3: #REF!
Name __xlnm.Database: "#REF!"
Name __xlnm.Database: "#REF!"
Name __xlnm.Database: "#REF!"
Name __xlnm.Print_Area: "#REF!"
Name __xlnm.Print_Area: "#REF!"
Name __xlnm.Print_Area: "#REF!"
Name __xlnm.Print_Area_1: #REF!
Name __xlnm.Print_Area_1: #REF!
Name __xlnm.Print_Area_1: #REF!
Name __xlnm.Print_Area_1: #REF!

Sheet PLANILHA
B2: PLANILHA ORÇAMENTÁRIA
B3: Nº OBRA: | C3: 106 | D3: OBJETO: CONTRATAÇÃO DE EMPRESA ESPECIALIZADA EM ENGENHARIA E/OU ARQUITETURA PARA CONCLUSÃO DA EXECUÇÃO DA OBRA DE CONSTRUÇÃO DA ESCOLA VILA CRISTINA, LOCALIZADA NO BAIRRO VILA CRISTINA NO MUNICÍPIO DE BETIM – MG.
B4: REFERÊNCIA: | C4: TABELA SINAPI ONERADA - BASE ABRIL/2026
B5: REFERÊNCIA: | C5: TABELA SUDECAP ONERADA - BASE ABRIL/2026
B6: REFERÊNCIA: | C6: TABELA SETOP ONERADA - BASE ABRIL/2026
B7: REFERÊNCIA: | C7: TABELA DNIT ONERADA - BASE ABRIL/2026
B8: DATA BASE: ABRIL 2026 | H8: BDI | J8: ='BDI TCU 2622 - EDIF '!J20 -> 0.2223
B10: ITEM | C10: REF. | D10: CÓDIGO | E10: DESCRIÇÃO | F10: UNID. | G10: QUANTIDADE TOTAL | H10: PREÇO UNITÁRIO | J10: PREÇO TOTAL COM BDI | K10: % PESO
H11: PREÇO UNITÁRIO (SEM BDI) | I11: PREÇO UNITÁRIO (COM BDI)
I12: =1+J8 -> 1.2223
B14: 01.00 | E14: INSTALAÇÃO DA OBRA
B15: 01.01 | E15: LOCAÇÃO DE CONTAINER
B16: 01.01.01 | C16: SETOP | D16: ED-50137 | E16: MOBILIZAÇÃO E DESMOBILIZAÇÃO DE CONTAINER, INCLUSIVE CARGA, DESCARGA E TRANSPORTE EM CAMINHÃO CARROCERIA COM GUINDAUTO (MUNCK), EXCLUSIVE LOCAÇÃO DO CONTAINER | F16: un | G16: 4 | H16: 1785.28 | I16: =ROUND(H16*$I$12,2) -> 2182.15 | J16: =ROUND(G16*I16,2) -> 8728.6 | K16: =J16/$J$576 -> 0.0013080247
B17: 01.01.02 | C17: SETOP | D17: ED-16349 | E17: LOCAÇÃO DE CONTAINER COM ISOLAMENTO TÉRMICO, TIPO 2, PARA ESCRITÓRIO DE OBRA COM SANITÁRIO CONTENDO UM (1) VASO SANITÁRIO E UM (1) LAVATÓRIO, COM MEDIDAS REFERENCIAIS DE (6) METROS COMPRIMENTO, (2,3) METROS LARGURA E (2,5) METROS ALTURA ÚTIL INTERNA, INCLUSIVE AR CONDICIONADO E LIGAÇÕES ELÉTRICAS E HIDROSSANITÁRIAS INTERNAS, EXCLUSIVE MOBILIZAÇÃO/DESMOBILIZAÇÃO E LIGAÇÕES PROVISÓRIAS EXTERNAS | F17: mês | G17: 12 | H17: 1630.56 | I17: =ROUND(H17*$I$12,2) -> 1993.03 | J17: =ROUND(G17*I17,2) -> 23916.36 | K17: =J17/$J$576 -> 0.003583987
B18: 01.01.03 | C18: SETOP | D18: ED-16354 | E18: LOCAÇÃO DE CONTAINER COM ISOLAMENTO TÉRMICO, TIPO 7, PARA VESTIÁRIO DE OBRA COM QUATRO (4) CHUVEIROS, TRÊS (3) VASOS SANITÁRIOS, UM (1) MICTÓRIO E UM (1) LAVATÓRIO, COM MEDIDAS REFERENCIAIS DE (6) METROS COMPRIMENTO, (2,3) METROS LARGURA E (2,5) METROS ALTURA ÚTIL INTERNA, INCLUSIVE LIGAÇÕES ELÉTRICAS E HIDROSSANITÁRIAS INTERNAS, EXCLUSIVE MOBILIZAÇÃO/DESMOBILIZAÇÃO E LIGAÇÕES PROVISÓRIAS EXTERNAS | F18: mês | G18: 12 | H18: 2200.13 | I18: =ROUND(H18*$I$12,2) -> 2689.22 | J18: =ROUND(G18*I18,2) -> 32270.64 | K18: =J18/$J$576 -> 0.0048359179
B19: 01.01.04 | C19: SETOP | D19: ED-16351 | E19: LOCAÇÃO DE CONTAINER COM ISOLAMENTO TÉRMICO, TIPO 4, PARA REFEITÓRIO DE OBRA, COM MEDIDAS REFERENCIAIS DE (6) METROS COMPRIMENTO, (2,3) METROS LARGURA E (2,5) METROS ALTURA ÚTIL INTERNA, INCLUSIVE LIGAÇÕES ELÉTRICAS INTERNAS, EXCLUSIVE MOBILIZAÇÃO/DESMOBILIZAÇÃO E LIGAÇÕES PROVISÓRIAS EXTERNAS | F19: mês | G19: 12 | H19: 874.11 | I19: =ROUND(H19*$I$12,2) -> 1068.42 | J19: =ROUND(G19*I19,2) -> 12821.04 | K19: =J19/$J$576 -> 0.0019212974
B20: 01.01.05 | C20: SETOP | D20: ED-16350 | E20: LOCAÇÃO DE CONTAINER COM ISOLAMENTO TÉRMICO, TIPO 3, PARA DEPÓSITO/FERRAMENTARIA DE OBRA, COM MEDIDAS REFERENCIAIS DE (6) METROS COMPRIMENTO, (2,3) METROS LARGURA E (2,5) METROS ALTURA ÚTIL INTERNA, INCLUSIVE LIGAÇÕES ELÉTRICAS INTERNAS, EXCLUSIVE MOBILIZAÇÃO/DESMOBILIZAÇÃO E LIGAÇÕES PROVISÓRIAS EXTERNAS | F20: mês | G20: 12 | H20: 858.15 | I20: =ROUND(H20*$I$12,2) -> 1048.92 | J20: =ROUND(G20*I20,2) -> 12587.04 | K20: =J20/$J$576 -> 0.0018862313
B21: 01.02 | E21: BANHEIRO QUIMICO
B22: 01.02.01 | C22: SUDECAP | D22: 01.10.01 | E22: BANHEIRO QUÍMICO 110 X 120 X 230CM COM MANUTENÇÃO | F22: MES | G22: 12 | H22: 1050 | I22: =ROUND(H22*$I$12,2) -> 1283.42 | J22: =ROUND(G22*I22,2) -> 15401.04 | K22: =J22/$J$576 -> 0.0023079234
B23: 01.03 | E23: INSTALAÇAO PROVISORIA - CONCESSIONARIA
B24: 01.03.01 | C24: SETOP | D24: ED-16357 | E24: LIGAÇÕES PROVISÓRIAS PARA CONTAINER TIPO 2 (CORRESPONDENTE AO CÓDIGO ED-16349) | F24: un | G24: 1 | H24: 702.13 | I24: =ROUND(H24*$I$12,2) -> 858.21 | J24: =ROUND(G24*I24,2) -> 858.21 | K24: =J24/$J$576 -> 0.00012860709
B25: 01.03.02 | C25: SETOP | D25: ED-16362 | E25: LIGAÇÕES PROVISÓRIAS PARA CONTAINER TIPO 7 (CORRESPONDENTE AO CÓDIGO ED-16354) | F25: un | G25: 1 | H25: 1056.71 | I25: =ROUND(H25*$I$12,2) -> 1291.62 | J25: =ROUND(G25*I25,2) -> 1291.62 | K25: =J25/$J$576 -> 0.00019355576
B26: 01.03.03 | C26: SETOP | D26: ED-16359 | E26: LIGAÇÕES PROVISÓRIAS PARA CONTAINER TIPO 4 (CORRESPONDENTE AO CÓDIGO ED-16351) | F26: un | G26: 1 | H26: 363.57 | I26: =ROUND(H26*$I$12,2) -> 444.39 | J26: =ROUND(G26*I26,2) -> 444.39 | K26: =J26/$J$576 -> 6.6594079e-05
B27: 01.03.04 | C27: SETOP | D27: ED-16358 | E27: LIGAÇÕES PROVISÓRIAS PARA CONTAINER TIPO 3 (CORRESPONDENTE AO CÓDIGO ED-16350) | F27: un | G27: 1 | H27: 363.57 | I27: =ROUND(H27*$I$12,2) -> 444.39 | J27: =ROUND(G27*I27,2) -> 444.39 | K27: =J27/$J$576 -> 6.6594079e-05
B28: 01.04 | E28: PLACA DE OBRA AFIXADA COM PEÇAS DE MADEIRA 8X12CM
B29: 01.04.01 | C29: SINAPI | D29: 103689 | E29: FORNECIMENTO E INSTALAÇÃO DE PLACA DE OBRA COM CHAPA GALVANIZADA E ESTRUTURA DE MADEIRA. AF_03/2022_PS | F29: M2 | G29: 8 | H29: 377.85 | I29: =ROUND(H29*$I$12,2) -> 461.85 | J29: =ROUND(G29*I29,2) -> 3694.8 | K29: =J29/$J$576 -> 0.00055368439
E31: TOTAL DO ITEM 01.00 | J31: =ROUND(SUM(J13:J30),2) -> 112458.13 | K31: =SUM(K13:K30) -> 0.016852417
B33: 02.00 | E33: ADMINISTRAÇÃO
B34: 02.01 | C34: ANEXO | D34: 02.01 | E34: ADMINISTRACAO LOCAL - CONFORME PLANILHA EM ANEXO | F34: PL | G34: 1 | H34: 453872.47 | I34: =ROUND(H34*$I$12,2) -> 554768.32 | J34: =ROUND(G34*I34,2) -> 554768.32 | K34: =J34/$J$576 -> 0.083134826
E36: TOTAL DO ITEM 02.00 | J36: =ROUND(SUM(J32:J35),2) -> 554768.32 | K36: =SUM(K32:K35) -> 0.083134826
B38: 03.00 | E38: DEMOLIÇÕES E REMOÇÕES
B39: 03.01 | E39: DEMOLIÇÕES E REMOÇÕES
B40: 03.01.01 | C40: SETOP | D40: ED-48480 | E40: DEMOLIÇÃO MANUAL DE PISO CERÂMICO OU LADRILHO HIDRÁULICO, INCLUSIVE AFASTAMENTO E EMPILHAMENTO, EXCLUSIVE DEMOLIÇÃO DE CONTRAPISO, TRANSPORTE E RETIRADA DO MATERIAL DEMOLIDO | F40: m2 | G40: 499 | H40: 20.39 | I40: =ROUND(H40*$I$12,2) -> 24.92 | J40: =ROUND(G40*I40,2) -> 12435.08 | K40: =J40/$J$576 -> 0.0018634594
B41: 03.01.02 | C41: SETOP | D41: ED-48479 | E41: DEMOLIÇÃO MANUAL DE PISO CIMENTADO OU CONTRAPISO DE ARGAMASSA, COM ESPESSURA MÁXIMA DE 10CM, INCLUSIVE AFASTAMENTO E EMPILHAMENTO, EXCLUSIVE TRANSPORTE E RETIRADA DO MATERIAL DEMOLIDO | F41: m2 | G41: 499 | H41: 21.85 | I41: =ROUND(H41*$I$12,2) -> 26.71 | J41: =ROUND(G41*I41,2) -> 13328.29 | K41: =J41/$J$576 -> 0.0019973114
B42: 03.01.03 | C42: SETOP | D42: ED-48505 | E42: DEMOLIÇÃO MANUAL DE RODAPÉ, INCLUSIVE ARGAMASSA DE ASSENTAMENTO E AFASTAMENTO, EXCLUSIVE TRANSPORTE E RETIRADA DO MATERIAL DEMOLIDO | F42: m | G42: 305.39 | H42: 3.4 | I42: =ROUND(H42*$I$12,2) -> 4.16 | J42: =ROUND(G42*I42,2) -> 1270.42 | K42: =J42/$J$576 -> 0.00019037883
B43: 03.01.04 | C43: SINAPI | D43: 97633 | E43: DEMOLIÇÃO DE REVESTIMENTO CERÂMICO, DE FORMA MANUAL, SEM REAPROVEITAMENTO. AF_09/2023 | F43: M2 | G43: 449.83 | H43: 27.45 | I43: =ROUND(H43*$I$12,2) -> 33.55 | J43: =ROUND(G43*I43,2) -> 15091.8 | K43: =J43/$J$576 -> 0.0022615822
B44: 03.01.05 | C44: SETOP | D44: ED-50533 | E44: APICOAMENTO MANUAL DE PISO CIMENTADO, INCLUSIVE LIMPEZA DA SUPERFÍCIE | F44: m2 | G44: 190.42 | H44: 12.45 | I44: =ROUND(H44*$I$12,2) -> 15.22 | J44: =ROUND(G44*I44,2) -> 2898.19 | K44: =J44/$J$576 -> 0.00043430837
B45: 03.02 | E45: CARGA E TRANSPORTE DE MATERIAL
B46: 03.02.01 | E46: CARGA DE MATERIAL DE QUALQUER NATUREZA SOBRE CAMINHAO
B47: 03.02.01.01 | C47: SINAPI | D47: 100974 | E47: CARGA, MANOBRA E DESCARGA DE SOLOS E MATERIAIS GRANULARES EM CAMINHÃO BASCULANTE 10 M³ - CARGA COM PÁ CARREGADEIRA (CAÇAMBA DE 1,7 A 2,8 M³ / 128 HP) E DESCARGA LIVRE (UNIDADE: M3). AF_02/2026 | F47: M3 | G47: 147.28 | H47: 8.76 | I47: =ROUND(H47*$I$12,2) -> 10.71 | J47: =ROUND(G47*I47,2) -> 1577.37 | K47: =J47/$J$576 -> 0.00023637684
B48: 03.03 | E48: TRANSPORTE DE MATERIAL DE QUALQUER NATUREZA
B49: 03.03.01 | C49: SINAPI | D49: 95875 | E49: TRANSPORTE COM CAMINHÃO BASCULANTE DE 10 M³, EM VIA URBANA PAVIMENTADA, DMT ATÉ 30 KM (UNIDADE: M3XKM). AF_02/2026 | F49: M3XKM | G49: 147.28 | H49: 2.87 | I49: =ROUND(H49*$I$12,2) -> 3.51 | J49: =ROUND(G49*I49,2) -> 516.95 | K49: =J49/$J$576 -> 7.7467561e-05
E51: TOTAL DO ITEM 03.00 | J51: =ROUND(SUM(J37:J50),2) -> 47118.1 | K51: =SUM(K37:K50) -> 0.0070608846
B53: 04.00 | E53: MOVIMENTAÇÃO DE TERRA
B54: 04.01 | E54: FUNDAÇÃO
B55: 04.01.01 | E55: ESCAVAÇAO MANUAL DE VALAS
B56: 04.01.01.01 | C56: SINAPI | D56: 93358 | E56: ESCAVAÇÃO MANUAL DE VALA. AF_09/2024 | F56: M3 | G56: 6.82 | H56: 98.41 | I56: =ROUND(H56*$I$12,2) -> 120.29 | J56: =ROUND(G56*I56,2) -> 820.38 | K56: =J56/$J$576 -> 0.00012293807
B57: 04.01.02 | E57: REGULARIZAÇAO DE TERRENO E LASTRO EM FUNDAÇÃO
B58: 04.01.02.01 | C58: SINAPI | D58: 101616 | E58: PREPARO DE FUNDO DE VALA COM LARGURA MENOR QUE 1,5 M (ACERTO DO SOLO NATURAL), EM LOCAL COM NÍVEL BAIXO DE INTERFERÊNCIA. AF_01/2026 | F58: M2 | G58: 15.15 | H58: 8.82 | I58: =ROUND(H58*$I$12,2) -> 10.78 | J58: =ROUND(G58*I58,2) -> 163.32 | K58: =J58/$J$576 -> 2.4474324e-05
B59: 04.01.02.02 | C59: SINAPI | D59: 96616 | E59: LASTRO DE CONCRETO MAGRO, APLICADO EM BLOCOS DE COROAMENTO OU SAPATAS. AF_01/2024 | F59: M3 | G59: 0.58 | H59: 963.36 | I59: =ROUND(H59*$I$12,2) -> 1177.51 | J59: =ROUND(G59*I59,2) -> 682.96 | K59: =J59/$J$576 -> 0.000102345
B60: 04.01.03 | E60: REATERRO
B61: 04.01.03.01 | C61: SINAPI | D61: 104737 | E61: REATERRO MANUAL DE VALAS, COM PLACA VIBRATÓRIA. AF_08/2023 | F61: M3 | G61: 0.99 | H61: 24.83 | I61: =ROUND(H61*$I$12,2) -> 30.35 | J61: =ROUND(G61*I61,2) -> 30.05 | K61: =J61/$J$576 -> 4.5031438e-06
B62: 04.02 | E62: CARGA E TRANSPORTE DE MATERIAL
B63: 04.02.01 | E63: CARGA DE MATERIAL DE QUALQUER NATUREZA SOBRE CAMINHAO
B64: 04.02.01.01 | C64: SINAPI | D64: 100974 | E64: CARGA, MANOBRA E DESCARGA DE SOLOS E MATERIAIS GRANULARES EM CAMINHÃO BASCULANTE 10 M³ - CARGA COM PÁ CARREGADEIRA (CAÇAMBA DE 1,7 A 2,8 M³ / 128 HP) E DESCARGA LIVRE (UNIDADE: M3). AF_02/2026 | F64: M3 | G64: 7.29 | H64: 8.76 | I64: =ROUND(H64*$I$12,2) -> 10.71 | J64: =ROUND(G64*I64,2) -> 78.08 | K64: =J64/$J$576 -> 1.1700681e-05
B65: 04.02.02 | E65: TRANSPORTE DE MATERIAL DE QUALQUER NATUREZA
B66: 04.02.02.01 | C66: SINAPI | D66: 95875 | E66: TRANSPORTE COM CAMINHÃO BASCULANTE DE 10 M³, EM VIA URBANA PAVIMENTADA, DMT ATÉ 30 KM (UNIDADE: M3XKM). AF_02/2026 | F66: M3XKM | G66: 7.29 | H66: 2.87 | I66: =ROUND(H66*$I$12,2) -> 3.51 | J66: =ROUND(G66*I66,2) -> 25.59 | K66: =J66/$J$576 -> 3.8347904e-06
E68: TOTAL DO ITEM 04.00 | J68: =SUM(J52:J67) -> 1800.38 | K68: =SUM(K52:K67) -> 0.00026979601
B70: 05.00 | E70: FUNDAÇÃO EDIFICAÇÃO
B71: 05.01 | E71: BLOCOS DE FUNDAÇÃO
B72: 05.01.01 | E72: ARMAÇAO INCL. CORTE, DOBRA E COLOCAÇAO EM FUNDAÇAO AÇO CA-50/60
B73: 05.01.01.01 | C73: SINAPI | D73: 96546 | E73: ARMAÇÃO DE BLOCO UTILIZANDO AÇO CA-50 DE 10 MM - MONTAGEM. AF_01/2024 | F73: KG | G73: 150.78 | H73: 13.52 | I73: =ROUND(H73*$I$12,2) -> 16.53 | J73: =ROUND(G73*I73,2) -> 2492.39 | K73: =J73/$J$576 -> 0.00037349719
B74: 05.01.02 | E74: FORMA
B75: 05.01.02.01 | C75: SINAPI | D75: 96534 | E75: FABRICAÇÃO, MONTAGEM E DESMONTAGEM DE FÔRMA PARA BLOCO DE COROAMENTO, EM MADEIRA SERRADA, E=25 MM, 4 UTILIZAÇÕES. AF_01/2024 | F75: M2 | G75: 13.8 | H75: 85.58 | I75: =ROUND(H75*$I$12,2) -> 104.6 | J75: =ROUND(G75*I75,2) -> 1443.48 | K75: =J75/$J$576 -> 0.00021631275
B76: 05.01.03 | E76: CONCRETO USINADO LANÇADO EM FUNDAÇAO
B77: 05.02.03.01 | C77: SETOP | D77: ED-49805 | E77: FORNECIMENTO DE CONCRETO ESTRUTURAL, USINADO BOMBEADO, COM FCK 25MPA, INCLUSIVE LANÇAMENTO, ADENSAMENTO E ACABAMENTO (FUNDAÇÃO) | F77: m3 | G77: 5.25 | H77: 672.66 | I77: =ROUND(H77*$I$12,2) -> 822.19 | J77: =ROUND(G77*I77,2) -> 4316.5 | K77: =J77/$J$576 -> 0.00064684926
E79: TOTAL DO ITEM 05.00 | J79: =SUM(J69:J78) -> 8252.37 | K79: =SUM(K69:K78) -> 0.0012366592
B81: 06.00 | E81: ESTRUTURAS DE CONCRETO
B82: 06.01 | E82: CORTE, DOBRA E MONTAGEM DE AÇO
B83: 06.01.01 | C83: SINAPI | D83: 92759 | E83: ARMAÇÃO DE PILAR OU VIGA DE ESTRUTURA CONVENCIONAL DE CONCRETO ARMADO UTILIZANDO AÇO CA-60 DE 5,0 MM - MONTAGEM. AF_06/2022 | F83: KG | G83: 193.11 | H83: 13.86 | I83: =ROUND(H83*$I$12,2) -> 16.94 | J83: =ROUND(G83*I83,2) -> 3271.28 | K83: =J83/$J$576 -> 0.00049021778
B84: 06.01.02 | C84: SINAPI | D84: 92760 | E84: ARMAÇÃO DE PILAR OU VIGA DE ESTRUTURA CONVENCIONAL DE CONCRETO ARMADO UTILIZANDO AÇO CA-50 DE 6,3 MM - MONTAGEM. AF_06/2022 | F84: KG | G84: 87.61 | H84: 12.51 | I84: =ROUND(H84*$I$12,2) -> 15.29 | J84: =ROUND(G84*I84,2) -> 1339.56 | K84: =J84/$J$576 -> 0.00020073981
B85: 06.01.03 | C85: SINAPI | D85: 92761 | E85: ARMAÇÃO DE PILAR OU VIGA DE ESTRUTURA CONVENCIONAL DE CONCRETO ARMADO UTILIZANDO AÇO CA-50 DE 8,0 MM - MONTAGEM. AF_06/2022 | F85: KG | G85: 128.76 | H85: 11.38 | I85: =ROUND(H85*$I$12,2) -> 13.91 | J85: =ROUND(G85*I85,2) -> 1791.05 | K85: =J85/$J$576 -> 0.00026839786
B86: 06.01.04 | C86: SINAPI | D86: 92762 | E86: ARMAÇÃO DE PILAR OU VIGA DE ESTRUTURA CONVENCIONAL DE CONCRETO ARMADO UTILIZANDO AÇO CA-50 DE 10,0 MM - MONTAGEM. AF_06/2022 | F86: KG | G86: 372.8 | H86: 9.93 | I86: =ROUND(H86*$I$12,2) -> 12.14 | J86: =ROUND(G86*I86,2) -> 4525.79 | K86: =J86/$J$576 -> 0.00067821242
B87: 06.01.05 | C87: SINAPI | D87: 92763 | E87: ARMAÇÃO DE PILAR OU VIGA DE ESTRUTURA CONVENCIONAL DE CONCRETO ARMADO UTILIZANDO AÇO CA-50 DE 12,5 MM - MONTAGEM. AF_06/2022 | F87: KG | G87: 1242.85 | H87: 8.24 | I87: =ROUND(H87*$I$12,2) -> 10.07 | J87: =ROUND(G87*I87,2) -> 12515.5 | K87: =J87/$J$576 -> 0.0018755107
B88: 06.02 | E88: FORMA, ESCORAMENTO, DESFORMA E LIMPEZA
B89: 06.02.01 | C89: SINAPI | D89: 92435 | E89: MONTAGEM E DESMONTAGEM DE FÔRMA DE PILARES RETANGULARES E ESTRUTURAS SIMILARES, PÉ-DIREITO SIMPLES, EM CHAPA DE MADEIRA COMPENSADA PLASTIFICADA, 12 UTILIZAÇÕES. AF_09/2020 | F89: M2 | G89: 1040.37 | H89: 61.66 | I89: =ROUND(H89*$I$12,2) -> 75.37 | J89: =ROUND(G89*I89,2) -> 78412.69 | K89: =J89/$J$576 -> 0.011750536
B90: 06.02.02 | C90: SINAPI | D90: 92471 | E90: MONTAGEM E DESMONTAGEM DE FÔRMA DE VIGA, ESCORAMENTO COM GARFO DE MADEIRA, PÉ-DIREITO SIMPLES, EM CHAPA DE MADEIRA PLASTIFICADA, 12 UTILIZAÇÕES. AF_09/2020 | F90: M2 | G90: 133.16 | H90: 98.63 | I90: =ROUND(H90*$I$12,2) -> 120.56 | J90: =ROUND(G90*I90,2) -> 16053.77 | K90: =J90/$J$576 -> 0.0024057383
B91: 06.03 | E91: CONCRETO USINADO BOMBEADO
B92: 06.03.01 | C92: SETOP | D92: ED-49638 | E92: FORNECIMENTO DE CONCRETO ESTRUTURAL, USINADO BOMBEADO, COM FCK 25MPA, INCLUSIVE LANÇAMENTO, ADENSAMENTO E ACABAMENTO | F92: m3 | G92: 44.75 | H92: 690.01 | I92: =ROUND(H92*$I$12,2) -> 843.4 | J92: =ROUND(G92*I92,2) -> 37742.15 | K92: =J92/$J$576 -> 0.0056558512
B93: 06.04 | E93: GRAUTE E ARGAMASSA DE PREENCHIMENTO DO BLOCO CONCRETO VAZADO
B94: 06.04.01 | C94: SINAPI | D94: 90283 | E94: GRAUTE FGK=20 MPA; TRAÇO 1:1,8:2,1:0,4 (EM MASSA SECA DE CIMENTO/ AREIA GROSSA/ BRITA 0/ ADITIVO) - PREPARO MECÂNICO COM BETONEIRA 400 L. AF_09/2021 | F94: M3 | G94: 1 | H94: 649.21 | I94: =ROUND(H94*$I$12,2) -> 793.53 | J94: =ROUND(G94*I94,2) -> 793.53 | K94: =J94/$J$576 -> 0.00011891447
B95: 06.04.02 | C95: SETOP | D95: ED-48303 | E95: ARGAMASSA, TRAÇO 1:4 (CIMENTO E AREIA), COM PREPARO MECANIZADO | F95: m3 | G95: 0.42 | H95: 640.24 | I95: =ROUND(H95*$I$12,2) -> 782.57 | J95: =ROUND(G95*I95,2) -> 328.68 | K95: =J95/$J$576 -> 4.9254353e-05
E97: TOTAL DO ITEM 06.00 | J97: =SUM(J80:J96) -> 156774 | K97: =SUM(K80:K96) -> 0.023493373
B99: 07.00 | E99: ALVENARIAS, DIVISOES E OUTROS - FORNECIMENTO E EXECUÇÃO
B100: 07.01 | E100: ALVENARIA DE TIJOLO FURADO(BLOCO CERAMICO VEDAÇÃO)
B101: 07.01.01 | C101: SETOP | D101: ED-48232 | E101: ALVENARIA DE VEDAÇÃO COM TIJOLO CERÂMICO FURADO, ESP. 14CM, PARA REVESTIMENTO, INCLUSIVE ARGAMASSA PARA ASSENTAMENTO | F101: m2 | G101: 28.87 | H101: 79.1 | I101: =ROUND(H101*$I$12,2) -> 96.68 | J101: =ROUND(G101*I101,2) -> 2791.15 | K101: =J101/$J$576 -> 0.00041826788
B102: 07.01.02 | C102: SETOP | D102: ED-48233 | E102: ALVENARIA DE VEDAÇÃO COM TIJOLO CERÂMICO FURADO, ESP. 19CM, PARA REVESTIMENTO, INCLUSIVE ARGAMASSA PARA ASSENTAMENTO | F102: m2 | G102: 33.07 | H102: 104.04 | I102: =ROUND(H102*$I$12,2) -> 127.17 | J102: =ROUND(G102*I102,2) -> 4205.51 | K102: =J102/$J$576 -> 0.00063021685
B103: 07.02 | E103: ALVENARIA DE BLOCO DE CONCRETO CHEIO
B104: 07.02.01 | C104: SETOP | D104: ED-48214 | E104: ALVENARIA DE BLOCO DE CONCRETO CHEIO COM ARMAÇÃO, EM CONCRETO COM FCK 15MPA , ESP. 19CM, PARA REVESTIMENTO, INCLUSIVE ARGAMASSA PARA ASSENTAMENTO (DETALHE D - CADERNO SEDS) | F104: m2 | G104: 1.5 | H104: 271.41 | I104: =ROUND(H104*$I$12,2) -> 331.74 | J104: =ROUND(G104*I104,2) -> 497.61 | K104: =J104/$J$576 -> 7.4569364e-05
B105: 07.03 | E105: ALVENARIA DE BLOCO DE CONCRETO VAZADO
B106: 07.03.01 | C106: SETOP | D106: ED-48201 | E106: ALVENARIA ESTRUTURAL COM BLOCO DE CONCRETO, ESP. 14CM, (FBK 4,5MPA), INCLUSIVE ARGAMASSA PARA ASSENTAMENTO | F106: m2 | G106: 19.77 | H106: 88 | I106: =ROUND(H106*$I$12,2) -> 107.56 | J106: =ROUND(G106*I106,2) -> 2126.46 | K106: =J106/$J$576 -> 0.00031866074
B107: 07.04 | E107: DIVISORIA EM PEDRA (PANEIS FIXOS)
B108: 07.04.01 | C108: SETOP | D108: ED-48533 | E108: DIVISÓRIA EM GRANITO CINZA ANDORINHA, ESP. 3CM, INCLUSIVE INSTALAÇÃO, FERRAGENS EM LATÃO CROMADO E ACESSÓRIOS | F108: m2 | G108: 208.94 | H108: 850.66 | I108: =ROUND(H108*$I$12,2) -> 1039.76 | J108: =ROUND(G108*I108,2) -> 217247.45 | K108: =J108/$J$576 -> 0.032555624
E110: TOTAL DO ITEM 07.00 | J110: =ROUND(SUM(J99:J109),2) -> 226868.18 | K110: =SUM(K98:K109) -> 0.033997339
B112: 08.00 | E112: COBERTURAS E FORROS - FORNECIMENTO E EXECUÇÃO
B113: 08.01 | E113: ESTRUTURA METALICA PARA COBERTURA
B114: 08.01.01 | C114: SINAPI | D114: 92580 | E114: TRAMA DE AÇO COMPOSTA POR TERÇAS PARA TELHADOS DE ATÉ 2 ÁGUAS PARA TELHA ONDULADA DE FIBROCIMENTO, METÁLICA, PLÁSTICA OU TERMOACÚSTICA, INCLUSO TRANSPORTE VERTICAL, EXCLUSIVE PINTURA. AF_10/2025_PS | F114: M2 | G114: 1651.23 | H114: 50.87 | I114: =ROUND(H114*$I$12,2) -> 62.18 | J114: =ROUND(G114*I114,2) -> 102673.48 | K114: =J114/$J$576 -> 0.015386138
B115: 08.02 | E115: COBERTURA EM TELHA METALICA
B116: 08.02.01 | C116: SETOP | D116: ED-48429 | E116: COBERTURA EM TELHA METÁLICA GALVANIZADA TRAPEZOIDAL, TIPO DUPLA TERMOACÚSTICA COM DUAS FACES TRAPEZOIDAIS, ESP. 0,43MM, PREENCHIMENTO EM POLIESTIRENO EXPANDIDO/ISOPOR COM ESP. 30MM, ACABAMENTO NATURAL, INCLUSIVE ACESSÓRIOS PARA FIXAÇÃO, FORNECIMENTO E INSTALAÇÃO | F116: m2 | G116: 1433.51 | H116: 176.74 | I116: =ROUND(H116*$I$12,2) -> 216.03 | J116: =ROUND(G116*I116,2) -> 309681.17 | K116: =J116/$J$576 -> 0.046407283
B117: 08.03 | E117: COBERTURA EM TELHA COLONIAL TRANSLÚCIDA
...

Sheet PLANILHA (EM BRANCO)
B2: PLANILHA ORÇAMENTÁRIA
B3: Nº OBRA: | C3: 106 | D3: OBJETO: CONTRATAÇÃO DE EMPRESA ESPECIALIZADA EM ENGENHARIA E/OU ARQUITETURA PARA CONCLUSÃO DA EXECUÇÃO DA OBRA DE CONSTRUÇÃO DA ESCOLA VILA CRISTINA, LOCALIZADA NO BAIRRO VILA CRISTINA NO MUNICÍPIO DE BETIM – MG.
B4: REFERÊNCIA: | C4: TABELA SINAPI ONERADA - BASE ABRIL/2026
B5: REFERÊNCIA: | C5: TABELA SUDECAP ONERADA - BASE ABRIL/2026
B6: REFERÊNCIA: | C6: TABELA SETOP ONERADA - BASE ABRIL/2026
B7: REFERÊNCIA: | C7: TABELA DNIT ONERADA - BASE ABRIL/2026
B8: DATA BASE: ABRIL 2026 | H8: BDI
B10: ITEM | C10: REF. | D10: CÓDIGO | E10: DESCRIÇÃO | F10: UNID. | G10: QUANTIDADE TOTAL | H10: PREÇO UNITÁRIO | J10: PREÇO TOTAL COM BDI | K10: % PESO
H11: PREÇO UNITÁRIO (SEM BDI) | I11: PREÇO UNITÁRIO (COM BDI)
B14: 01.00 | E14: INSTALAÇÃO DA OBRA
B15: 01.01 | E15: LOCAÇÃO DE CONTAINER
B16: 01.01.01 | C16: SETOP | D16: ED-50137 | E16: MOBILIZAÇÃO E DESMOBILIZAÇÃO DE CONTAINER, INCLUSIVE CARGA, DESCARGA E TRANSPORTE EM CAMINHÃO CARROCERIA COM GUINDAUTO (MUNCK), EXCLUSIVE LOCAÇÃO DO CONTAINER | F16: un | G16: 4
B17: 01.01.02 | C17: SETOP | D17: ED-16349 | E17: LOCAÇÃO DE CONTAINER COM ISOLAMENTO TÉRMICO, TIPO 2, PARA ESCRITÓRIO DE OBRA COM SANITÁRIO CONTENDO UM (1) VASO SANITÁRIO E UM (1) LAVATÓRIO, COM MEDIDAS REFERENCIAIS DE (6) METROS COMPRIMENTO, (2,3) METROS LARGURA E (2,5) METROS ALTURA ÚTIL INTERNA, INCLUSIVE AR CONDICIONADO E LIGAÇÕES ELÉTRICAS E HIDROSSANITÁRIAS INTERNAS, EXCLUSIVE MOBILIZAÇÃO/DESMOBILIZAÇÃO E LIGAÇÕES PROVISÓRIAS EXTERNAS | F17: mês | G17: 12
B18: 01.01.03 | C18: SETOP | D18: ED-16354 | E18: LOCAÇÃO DE CONTAINER COM ISOLAMENTO TÉRMICO, TIPO 7, PARA VESTIÁRIO DE OBRA COM QUATRO (4) CHUVEIROS, TRÊS (3) VASOS SANITÁRIOS, UM (1) MICTÓRIO E UM (1) LAVATÓRIO, COM MEDIDAS REFERENCIAIS DE (6) METROS COMPRIMENTO, (2,3) METROS LARGURA E (2,5) METROS ALTURA ÚTIL INTERNA, INCLUSIVE LIGAÇÕES ELÉTRICAS E HIDROSSANITÁRIAS INTERNAS, EXCLUSIVE MOBILIZAÇÃO/DESMOBILIZAÇÃO E LIGAÇÕES PROVISÓRIAS EXTERNAS | F18: mês | G18: 12
B19: 01.01.04 | C19: SETOP | D19: ED-16351 | E19: LOCAÇÃO DE CONTAINER COM ISOLAMENTO TÉRMICO, TIPO 4, PARA REFEITÓRIO DE OBRA, COM MEDIDAS REFERENCIAIS DE (6) METROS COMPRIMENTO, (2,3) METROS LARGURA E (2,5) METROS ALTURA ÚTIL INTERNA, INCLUSIVE LIGAÇÕES ELÉTRICAS INTERNAS, EXCLUSIVE MOBILIZAÇÃO/DESMOBILIZAÇÃO E LIGAÇÕES PROVISÓRIAS EXTERNAS | F19: mês | G19: 12
B20: 01.01.05 | C20: SETOP | D20: ED-16350 | E20: LOCAÇÃO DE CONTAINER COM ISOLAMENTO TÉRMICO, TIPO 3, PARA DEPÓSITO/FERRAMENTARIA DE OBRA, COM MEDIDAS REFERENCIAIS DE (6) METROS COMPRIMENTO, (2,3) METROS LARGURA E (2,5) METROS ALTURA ÚTIL INTERNA, INCLUSIVE LIGAÇÕES ELÉTRICAS INTERNAS, EXCLUSIVE MOBILIZAÇÃO/DESMOBILIZAÇÃO E LIGAÇÕES PROVISÓRIAS EXTERNAS | F20: mês | G20: 12
B21: 01.02 | E21: BANHEIRO QUIMICO
B22: 01.02.01 | C22: SUDECAP | D22: 01.10.01 | E22: BANHEIRO QUÍMICO 110 X 120 X 230CM COM MANUTENÇÃO | F22: MES | G22: 12
B23: 01.03 | E23: INSTALAÇAO PROVISORIA - CONCESSIONARIA
B24: 01.03.01 | C24: SETOP | D24: ED-16357 | E24: LIGAÇÕES PROVISÓRIAS PARA CONTAINER TIPO 2 (CORRESPONDENTE AO CÓDIGO ED-16349) | F24: un | G24: 1
B25: 01.03.02 | C25: SETOP | D25: ED-16362 | E25: LIGAÇÕES PROVISÓRIAS PARA CONTAINER TIPO 7 (CORRESPONDENTE AO CÓDIGO ED-16354) | F25: un | G25: 1
B26: 01.03.03 | C26: SETOP | D26: ED-16359 | E26: LIGAÇÕES PROVISÓRIAS PARA CONTAINER TIPO 4 (CORRESPONDENTE AO CÓDIGO ED-16351) | F26: un | G26: 1
B27: 01.03.04 | C27: SETOP | D27: ED-16358 | E27: LIGAÇÕES PROVISÓRIAS PARA CONTAINER TIPO 3 (CORRESPONDENTE AO CÓDIGO ED-16350) | F27: un | G27: 1
B28: 01.04 | E28: PLACA DE OBRA AFIXADA COM PEÇAS DE MADEIRA 8X12CM
B29: 01.04.01 | C29: SINAPI | D29: 103689 | E29: FORNECIMENTO E INSTALAÇÃO DE PLACA DE OBRA COM CHAPA GALVANIZADA E ESTRUTURA DE MADEIRA. AF_03/2022_PS | F29: M2 | G29: 8
E31: TOTAL DO ITEM 01.00
B33: 02.00 | E33: ADMINISTRAÇÃO
B34: 02.01 | C34: ANEXO | D34: 02.01 | E34: ADMINISTRACAO LOCAL - CONFORME PLANILHA EM ANEXO | F34: PL | G34: 1
E36: TOTAL DO ITEM 02.00
B38: 03.00 | E38: DEMOLIÇÕES E REMOÇÕES
B39: 03.01 | E39: DEMOLIÇÕES E REMOÇÕES
B40: 03.01.01 | C40: SETOP | D40: ED-48480 | E40: DEMOLIÇÃO MANUAL DE PISO CERÂMICO OU LADRILHO HIDRÁULICO, INCLUSIVE AFASTAMENTO E EMPILHAMENTO, EXCLUSIVE DEMOLIÇÃO DE CONTRAPISO, TRANSPORTE E RETIRADA DO MATERIAL DEMOLIDO | F40: m2 | G40: 499
B41: 03.01.02 | C41: SETOP | D41: ED-48479 | E41: DEMOLIÇÃO MANUAL DE PISO CIMENTADO OU CONTRAPISO DE ARGAMASSA, COM ESPESSURA MÁXIMA DE 10CM, INCLUSIVE AFASTAMENTO E EMPILHAMENTO, EXCLUSIVE TRANSPORTE E RETIRADA DO MATERIAL DEMOLIDO | F41: m2 | G41: 499
B42: 03.01.03 | C42: SETOP | D42: ED-48505 | E42: DEMOLIÇÃO MANUAL DE RODAPÉ, INCLUSIVE ARGAMASSA DE ASSENTAMENTO E AFASTAMENTO, EXCLUSIVE TRANSPORTE E RETIRADA DO MATERIAL DEMOLIDO | F42: m | G42: 305.39
B43: 03.01.04 | C43: SINAPI | D43: 97633 | E43: DEMOLIÇÃO DE REVESTIMENTO CERÂMICO, DE FORMA MANUAL, SEM REAPROVEITAMENTO. AF_09/2023 | F43: M2 | G43: 449.83
B44: 03.01.05 | C44: SETOP | D44: ED-50533 | E44: APICOAMENTO MANUAL DE PISO CIMENTADO, INCLUSIVE LIMPEZA DA SUPERFÍCIE | F44: m2 | G44: 190.42
B45: 03.02 | E45: CARGA E TRANSPORTE DE MATERIAL
B46: 03.02.01 | E46: CARGA DE MATERIAL DE QUALQUER NATUREZA SOBRE CAMINHAO
B47: 03.02.01.01 | C47: SINAPI | D47: 100974 | E47: CARGA, MANOBRA E DESCARGA DE SOLOS E MATERIAIS GRANULARES EM CAMINHÃO BASCULANTE 10 M³ - CARGA COM PÁ CARREGADEIRA (CAÇAMBA DE 1,7 A 2,8 M³ / 128 HP) E DESCARGA LIVRE (UNIDADE: M3). AF_02/2026 | F47: M3 | G47: 147.28
B48: 03.03 | E48: TRANSPORTE DE MATERIAL DE QUALQUER NATUREZA
B49: 03.03.01 | C49: SINAPI | D49: 95875 | E49: TRANSPORTE COM CAMINHÃO BASCULANTE DE 10 M³, EM VIA URBANA PAVIMENTADA, DMT ATÉ 30 KM (UNIDADE: M3XKM). AF_02/2026 | F49: M3XKM | G49: 147.28
E51: TOTAL DO ITEM 03.00
B53: 04.00 | E53: MOVIMENTAÇÃO DE TERRA
B54: 04.01 | E54: FUNDAÇÃO
B55: 04.01.01 | E55: ESCAVAÇAO MANUAL DE VALAS
B56: 04.01.01.01 | C56: SINAPI | D56: 93358 | E56: ESCAVAÇÃO MANUAL DE VALA. AF_09/2024 | F56: M3 | G56: 6.82
B57: 04.01.02 | E57: REGULARIZAÇAO DE TERRENO E LASTRO EM FUNDAÇÃO
B58: 04.01.02.01 | C58: SINAPI | D58: 101616 | E58: PREPARO DE FUNDO DE VALA COM LARGURA MENOR QUE 1,5 M (ACERTO DO SOLO NATURAL), EM LOCAL COM NÍVEL BAIXO DE INTERFERÊNCIA. AF_01/2026 | F58: M2 | G58: 15.15
B59: 04.01.02.02 | C59: SINAPI | D59: 96616 | E59: LASTRO DE CONCRETO MAGRO, APLICADO EM BLOCOS DE COROAMENTO OU SAPATAS. AF_01/2024 | F59: M3 | G59: 0.58
B60: 04.01.03 | E60: REATERRO
B61: 04.01.03.01 | C61: SINAPI | D61: 104737 | E61: REATERRO MANUAL DE VALAS, COM PLACA VIBRATÓRIA. AF_08/2023 | F61: M3 | G61: 0.99
B62: 04.02 | E62: CARGA E TRANSPORTE DE MATERIAL
B63: 04.02.01 | E63: CARGA DE MATERIAL DE QUALQUER NATUREZA SOBRE CAMINHAO
B64: 04.02.01.01 | C64: SINAPI | D64: 100974 | E64: CARGA, MANOBRA E DESCARGA DE SOLOS E MATERIAIS GRANULARES EM CAMINHÃO BASCULANTE 10 M³ - CARGA COM PÁ CARREGADEIRA (CAÇAMBA DE 1,7 A 2,8 M³ / 128 HP) E DESCARGA LIVRE (UNIDADE: M3). AF_02/2026 | F64: M3 | G64: 7.29
B65: 04.02.02 | E65: TRANSPORTE DE MATERIAL DE QUALQUER NATUREZA
B66: 04.02.02.01 | C66: SINAPI | D66: 95875 | E66: TRANSPORTE COM CAMINHÃO BASCULANTE DE 10 M³, EM VIA URBANA PAVIMENTADA, DMT ATÉ 30 KM (UNIDADE: M3XKM). AF_02/2026 | F66: M3XKM | G66: 7.29
E68: TOTAL DO ITEM 04.00
B70: 05.00 | E70: FUNDAÇÃO EDIFICAÇÃO
B71: 05.01 | E71: BLOCOS DE FUNDAÇÃO
B72: 05.01.01 | E72: ARMAÇAO INCL. CORTE, DOBRA E COLOCAÇAO EM FUNDAÇAO AÇO CA-50/60
B73: 05.01.01.01 | C73: SINAPI | D73: 96546 | E73: ARMAÇÃO DE BLOCO UTILIZANDO AÇO CA-50 DE 10 MM - MONTAGEM. AF_01/2024 | F73: KG | G73: 150.78
B74: 05.01.02 | E74: FORMA
B75: 05.01.02.01 | C75: SINAPI | D75: 96534 | E75: FABRICAÇÃO, MONTAGEM E DESMONTAGEM DE FÔRMA PARA BLOCO DE COROAMENTO, EM MADEIRA SERRADA, E=25 MM, 4 UTILIZAÇÕES. AF_01/2024 | F75: M2 | G75: 13.8
B76: 05.01.03 | E76: CONCRETO USINADO LANÇADO EM FUNDAÇAO
B77: 05.02.03.01 | C77: SETOP | D77: ED-49805 | E77: FORNECIMENTO DE CONCRETO ESTRUTURAL, USINADO BOMBEADO, COM FCK 25MPA, INCLUSIVE LANÇAMENTO, ADENSAMENTO E ACABAMENTO (FUNDAÇÃO) | F77: m3 | G77: 5.25
E79: TOTAL DO ITEM 05.00
B81: 06.00 | E81: ESTRUTURAS DE CONCRETO
B82: 06.01 | E82: CORTE, DOBRA E MONTAGEM DE AÇO
B83: 06.01.01 | C83: SINAPI | D83: 92759 | E83: ARMAÇÃO DE PILAR OU VIGA DE ESTRUTURA CONVENCIONAL DE CONCRETO ARMADO UTILIZANDO AÇO CA-60 DE 5,0 MM - MONTAGEM. AF_06/2022 | F83: KG | G83: 193.11
B84: 06.01.02 | C84: SINAPI | D84: 92760 | E84: ARMAÇÃO DE PILAR OU VIGA DE ESTRUTURA CONVENCIONAL DE CONCRETO ARMADO UTILIZANDO AÇO CA-50 DE 6,3 MM - MONTAGEM. AF_06/2022 | F84: KG | G84: 87.61
B85: 06.01.03 | C85: SINAPI | D85: 92761 | E85: ARMAÇÃO DE PILAR OU VIGA DE ESTRUTURA CONVENCIONAL DE CONCRETO ARMADO UTILIZANDO AÇO CA-50 DE 8,0 MM - MONTAGEM. AF_06/2022 | F85: KG | G85: 128.76
B86: 06.01.04 | C86: SINAPI | D86: 92762 | E86: ARMAÇÃO DE PILAR OU VIGA DE ESTRUTURA CONVENCIONAL DE CONCRETO ARMADO UTILIZANDO AÇO CA-50 DE 10,0 MM - MONTAGEM. AF_06/2022 | F86: KG | G86: 372.8
B87: 06.01.05 | C87: SINAPI | D87: 92763 | E87: ARMAÇÃO DE PILAR OU VIGA DE ESTRUTURA CONVENCIONAL DE CONCRETO ARMADO UTILIZANDO AÇO CA-50 DE 12,5 MM - MONTAGEM. AF_06/2022 | F87: KG | G87: 1242.85
B88: 06.02 | E88: FORMA, ESCORAMENTO, DESFORMA E LIMPEZA
B89: 06.02.01 | C89: SINAPI | D89: 92435 | E89: MONTAGEM E DESMONTAGEM DE FÔRMA DE PILARES RETANGULARES E ESTRUTURAS SIMILARES, PÉ-DIREITO SIMPLES, EM CHAPA DE MADEIRA COMPENSADA PLASTIFICADA, 12 UTILIZAÇÕES. AF_09/2020 | F89: M2 | G89: 1040.37
B90: 06.02.02 | C90: SINAPI | D90: 92471 | E90: MONTAGEM E DESMONTAGEM DE FÔRMA DE VIGA, ESCORAMENTO COM GARFO DE MADEIRA, PÉ-DIREITO SIMPLES, EM CHAPA DE MADEIRA PLASTIFICADA, 12 UTILIZAÇÕES. AF_09/2020 | F90: M2 | G90: 133.16
B91: 06.03 | E91: CONCRETO USINADO BOMBEADO
B92: 06.03.01 | C92: SETOP | D92: ED-49638 | E92: FORNECIMENTO DE CONCRETO ESTRUTURAL, USINADO BOMBEADO, COM FCK 25MPA, INCLUSIVE LANÇAMENTO, ADENSAMENTO E ACABAMENTO | F92: m3 | G92: 44.75
B93: 06.04 | E93: GRAUTE E ARGAMASSA DE PREENCHIMENTO DO BLOCO CONCRETO VAZADO
B94: 06.04.01 | C94: SINAPI | D94: 90283 | E94: GRAUTE FGK=20 MPA; TRAÇO 1:1,8:2,1:0,4 (EM MASSA SECA DE CIMENTO/ AREIA GROSSA/ BRITA 0/ ADITIVO) - PREPARO MECÂNICO COM BETONEIRA 400 L. AF_09/2021 | F94: M3 | G94: 1
B95: 06.04.02 | C95: SETOP | D95: ED-48303 | E95: ARGAMASSA, TRAÇO 1:4 (CIMENTO E AREIA), COM PREPARO MECANIZADO | F95: m3 | G95: 0.42
E97: TOTAL DO ITEM 06.00
B99: 07.00 | E99: ALVENARIAS, DIVISOES E OUTROS - FORNECIMENTO E EXECUÇÃO
B100: 07.01 | E100: ALVENARIA DE TIJOLO FURADO(BLOCO CERAMICO VEDAÇÃO)
B101: 07.01.01 | C101: SETOP | D101: ED-48232 | E101: ALVENARIA DE VEDAÇÃO COM TIJOLO CERÂMICO FURADO, ESP. 14CM, PARA REVESTIMENTO, INCLUSIVE ARGAMASSA PARA ASSENTAMENTO | F101: m2 | G101: 28.87
B102: 07.01.02 | C102: SETOP | D102: ED-48233 | E102: ALVENARIA DE VEDAÇÃO COM TIJOLO CERÂMICO FURADO, ESP. 19CM, PARA REVESTIMENTO, INCLUSIVE ARGAMASSA PARA ASSENTAMENTO | F102: m2 | G102: 33.07
B103: 07.02 | E103: ALVENARIA DE BLOCO DE CONCRETO CHEIO
B104: 07.02.01 | C104: SETOP | D104: ED-48214 | E104: ALVENARIA DE BLOCO DE CONCRETO CHEIO COM ARMAÇÃO, EM CONCRETO COM FCK 15MPA , ESP. 19CM, PARA REVESTIMENTO, INCLUSIVE ARGAMASSA PARA ASSENTAMENTO (DETALHE D - CADERNO SEDS) | F104: m2 | G104: 1.5
B105: 07.03 | E105: ALVENARIA DE BLOCO DE CONCRETO VAZADO
B106: 07.03.01 | C106: SETOP | D106: ED-48201 | E106: ALVENARIA ESTRUTURAL COM BLOCO DE CONCRETO, ESP. 14CM, (FBK 4,5MPA), INCLUSIVE ARGAMASSA PARA ASSENTAMENTO | F106: m2 | G106: 19.77
B107: 07.04 | E107: DIVISORIA EM PEDRA (PANEIS FIXOS)
B108: 07.04.01 | C108: SETOP | D108: ED-48533 | E108: DIVISÓRIA EM GRANITO CINZA ANDORINHA, ESP. 3CM, INCLUSIVE INSTALAÇÃO, FERRAGENS EM LATÃO CROMADO E ACESSÓRIOS | F108: m2 | G108: 208.94
E110: TOTAL DO ITEM 07.00
B112: 08.00 | E112: COBERTURAS E FORROS - FORNECIMENTO E EXECUÇÃO
B113: 08.01 | E113: ESTRUTURA METALICA PARA COBERTURA
B114: 08.01.01 | C114: SINAPI | D114: 92580 | E114: TRAMA DE AÇO COMPOSTA POR TERÇAS PARA TELHADOS DE ATÉ 2 ÁGUAS PARA TELHA ONDULADA DE FIBROCIMENTO, METÁLICA, PLÁSTICA OU TERMOACÚSTICA, INCLUSO TRANSPORTE VERTICAL, EXCLUSIVE PINTURA. AF_10/2025_PS | F114: M2 | G114: 1651.23
B115: 08.02 | E115: COBERTURA EM TELHA METALICA
B116: 08.02.01 | C116: SETOP | D116: ED-48429 | E116: COBERTURA EM TELHA METÁLICA GALVANIZADA TRAPEZOIDAL, TIPO DUPLA TERMOACÚSTICA COM DUAS FACES TRAPEZOIDAIS, ESP. 0,43MM, PREENCHIMENTO EM POLIESTIRENO EXPANDIDO/ISOPOR COM ESP. 30MM, ACABAMENTO NATURAL, INCLUSIVE ACESSÓRIOS PARA FIXAÇÃO, FORNECIMENTO E INSTALAÇÃO | F116: m2 | G116: 1433.51
B117: 08.03 | E117: COBERTURA EM TELHA COLONIAL TRANSLÚCIDA
B118: 08.03.01 | C118: SINAPI | D118: 94449 | E118: TELHAMENTO COM TELHA ONDULADA DE FIBRA DE VIDRO E = 0,6 MM, PARA TELHADO COM INCLINAÇÃO MAIOR QUE 10°, COM ATÉ 2 ÁGUAS, INCLUSO IÇAMENTO. AF_07/2019 | F118: M2 | G118: 217.72
...

Sheet ADMINISTRAÇAO
B2: Nº OBRA: 106 | C2: PLANILHA DE ADMINISTRAÇÃO LOCAL DE OBRA OBJETO: CONTRATAÇÃO DE EMPRESA ESPECIALIZADA EM ENGENHARIA E/OU ARQUITETURA PARA CONCLUSÃO DA EXECUÇÃO DA OBRA DE CONSTRUÇÃO DA ESCOLA VILA CRISTINA, LOCALIZADA NO BAIRRO VILA CRISTINA NO MUNICÍPIO DE BETIM – MG.
B3: REFERÊNCIA: | C3: =PLANILHA!C4 -> TABELA SINAPI ONERADA - BASE ABRIL/2026
B4: REFERÊNCIA: | C4: =PLANILHA!C5 -> TABELA SUDECAP ONERADA - BASE ABRIL/2026
B5: REFERÊNCIA: | C5: =PLANILHA!C6 -> TABELA SETOP ONERADA - BASE ABRIL/2026
B6: REFERÊNCIA: | C6: =PLANILHA!C7 -> TABELA DNIT ONERADA - BASE ABRIL/2026
B7: ITEM | C7: REF. | D7: CODIGO | E7: DESCRIÇÃO | F7: UN | G7: QUANTIDADE | H7: PREÇO UNITÁRIO S / BDI | I7: PREÇO TOTAL S / BDI
B9: 02.00 | E9: ADMINISTRAÇÃO
B10: 02.01 | E10: ADMINISTRACAO LOCAL
B11: 02.01.01 | E11: MAO DE OBRA C/ ENCARGOS
B12: 02.01.01.01 | C12: SINAPI | D12: 93567 | E12: ENGENHEIRO CIVIL DE OBRA PLENO COM ENCARGOS COMPLEMENTARES | F12: MES | G12: 5 | H12: =VLOOKUP(D12,[38]Banco_Servico!$B:$E,4,FALSE) -> 25614.35 | I12: =ROUND(G12*H12,2) -> 128071.75
B13: 02.01.01.02 | C13: SINAPI | D13: 93572 | E13: ENCARREGADO GERAL DE OBRAS COM ENCARGOS COMPLEMENTARES | F13: MES | G13: 12 | H13: =VLOOKUP(D13,[38]Banco_Servico!$B:$E,4,FALSE) -> 10406.43 | I13: =ROUND(G13*H13,2) -> 124877.16
B14: 02.01.01.03 | C14: SUDECAP | D14: 44.01.22 | E14: VIGILÂNCIA DE OBRAS - EM DIAS ÚTEIS (CONSIDERANDO INÍCIO AS 17H DE SEGUNDA A QUINTA E 16H NA SEXTA) E 24 HORAS POR DIA AOS SÁBADOS, DOMINGOS E FERIADOS | F14: MES | G14: 12 | H14: =VLOOKUP(D14,[38]Banco_Servico!$B:$E,4,FALSE) -> 16743.63 | I14: =ROUND(G14*H14,2) -> 200923.56
E16: TOTAL DO ITEM 02.00 | I16: =SUM(I12:I14) -> 453872.47

Sheet ADMINISTRAÇAO (EM BRANCO)
B2: Nº OBRA: 106 | C2: PLANILHA DE ADMINISTRAÇÃO LOCAL DE OBRA OBJETO: CONTRATAÇÃO DE EMPRESA ESPECIALIZADA EM ENGENHARIA E/OU ARQUITETURA PARA CONCLUSÃO DA EXECUÇÃO DA OBRA DE CONSTRUÇÃO DA ESCOLA VILA CRISTINA, LOCALIZADA NO BAIRRO VILA CRISTINA NO MUNICÍPIO DE BETIM – MG.
B3: REFERÊNCIA: | C3: =PLANILHA!C4 -> TABELA SINAPI ONERADA - BASE ABRIL/2026
B4: REFERÊNCIA: | C4: =PLANILHA!C5 -> TABELA SUDECAP ONERADA - BASE ABRIL/2026
B5: REFERÊNCIA: | C5: =PLANILHA!C6 -> TABELA SETOP ONERADA - BASE ABRIL/2026
B6: REFERÊNCIA: | C6: =PLANILHA!C7 -> TABELA DNIT ONERADA - BASE ABRIL/2026
B7: ITEM | C7: REF. | D7: CODIGO | E7: DESCRIÇÃO | F7: UN | G7: QUANTIDADE | H7: PREÇO UNITÁRIO S / BDI | I7: PREÇO TOTAL S / BDI
B9: 02.00 | E9: ADMINISTRAÇÃO
B10: 02.01 | E10: ADMINISTRACAO LOCAL
B11: 02.01.01 | E11: MAO DE OBRA C/ ENCARGOS
B12: 02.01.01.01 | C12: SINAPI | D12: 93567 | E12: ENGENHEIRO CIVIL DE OBRA PLENO COM ENCARGOS COMPLEMENTARES | F12: MES | G12: 5
B13: 02.01.01.02 | C13: SINAPI | D13: 93572 | E13: ENCARREGADO GERAL DE OBRAS COM ENCARGOS COMPLEMENTARES | F13: MES | G13: 12
B14: 02.01.01.03 | C14: SUDECAP | D14: 44.01.22 | E14: VIGILÂNCIA DE OBRAS - EM DIAS ÚTEIS (CONSIDERANDO INÍCIO AS 17H DE SEGUNDA A QUINTA E 16H NA SEXTA) E 24 HORAS POR DIA AOS SÁBADOS, DOMINGOS E FERIADOS | F14: MES | G14: 12
E16: TOTAL DO ITEM 02.00

Sheet BDI TCU 2622 - EDIF 
C2: CÁLCULO DO BDI CONSTRUÇÃO DE EDIFÍCIOS | J2: Nº DA OBRA: 106
B3: OBJETO: CONTRATAÇÃO DE EMPRESA ESPECIALIZADA EM ENGENHARIA E/OU ARQUITETURA PARA CONCLUSÃO DA EXECUÇÃO DA OBRA DE CONSTRUÇÃO DA ESCOLA VILA CRISTINA, LOCALIZADA NO BAIRRO VILA CRISTINA NO MUNICÍPIO DE BETIM – MG.
B4: Parâmetros para cálculo do BDI - conforme Acórdão 2622/2013 - TCU - Plenário
B5: Itens Admissíveis | C5: Intervalos admissíveis sem justificativa | I5: Índices adotados (quartil médio)
B7: Administração Central (AC) | C7: De | D7: 0.03 | F7: até | G7: 0.055 | I7: Administração Central (AC) | J7: 0.04
B8: Seguro e Garantia (S+G) | C8: De | D8: 0.008 | F8: até | G8: 0.01 | I8: Seguro e Garantia (S+G) | J8: 0.008
B9: Risco (R) | C9: De | D9: 0.0097 | F9: até | G9: 0.0127 | I9: Risco (R) | J9: 0.0127
B10: Despesas financeiras (DF) | C10: De | D10: 0.0059 | F10: até | G10: 0.0139 | I10: Despesas financeiras (DF) | J10: 0.0123
B11: Lucro (L) | C11: De | D11: 0.0616 | F11: até | G11: 0.0896 | I11: Lucro (L) | J11: 0.074
B12: Tributos (T) | C12: De | D12: 0.0565 | F12: até | G12: 0.0865 | I12: Tributos (T) | J12: 0.0565
B13: Controle
B14: Administração Central (AC) | C14: =IF(J7>G7,"Incidência maior que a permitida",IF(J7<D7,"Incidência menor que a permitida","ok")) -> ok
B15: Seguro e Garantia (S+G) | C15: =IF(J8>G8,"Incidência maior que a permitida",IF(J8<0,"Incidência menor que a permitida","ok")) -> ok
B16: Risco (R) | C16: =IF(J9>G9,"Incidência maior que a permitida",IF(J9<0,"Incidência menor que a permitida","ok")) -> ok
B17: Despesas financeiras (DF) | C17: =IF(J10>G10,"Incidência maior que a permitida",IF(J10<D10,"Incidência menor que a permitida","ok")) -> ok
B18: Lucro (L) | C18: =IF(J11>G11,"Incidência maior que a permitida",IF(J11<D11,"Incidência menor que a permitida","ok")) -> ok
B19: Tributos (T) | C19: =IF(J12>G12,"Incidência maior que a permitida",IF(J12<D12,"Incidência menor que a permitida","ok")) -> ok
B20: BDI CALCULADO ----> | C20: BDI = (1+AC+S+R+G)*(1+DF)*(1+L)/(1-(T+E)) | J20: =ROUND(((1+J7+J8+J9)*(1+J10)*(1+J11)/(1-(J12))-1),4) -> 0.2223
B21: TRIBUTOS: | C21: =SUM(C22:D24) -> 0.0565
B22: PIS | C22: 0.0065
B23: COFINS | C23: 0.03
B24: ISS | C24: 0.02 | E24: (Lei Municipal nº 2518 – 21/12/1994) - (Art. 6º - XXIV)

Sheet CRONOGRAMA 
B2: CRONOGRAMA FÍSICO - FINANCEIRO | R2: Nº OBRA: 106
B3: OBJETO: CONTRATAÇÃO DE EMPRESA ESPECIALIZADA EM ENGENHARIA E/OU ARQUITETURA PARA CONCLUSÃO DA EXECUÇÃO DA OBRA DE CONSTRUÇÃO DA ESCOLA VILA CRISTINA, LOCALIZADA NO BAIRRO VILA CRISTINA NO MUNICÍPIO DE BETIM – MG.
B4: Item | C4: Descrição | D4: Pr. Total | E4: PART. % | F4: MÊS 01 | G4: MÊS 02 | H4: MÊS 03 | I4: MÊS 04 | J4: MÊS 05 | K4: MÊS 06 | L4: MÊS 07 | M4: MÊS 08 | N4: MÊS 09 | O4: MÊS 10 | P4: MÊS 11 | Q4: MÊS 12 | R4: % total
B6: =PLANILHA!B14 -> 01.00 | C6: =VLOOKUP(B6,PLANILHA!B:K,4,) -> INSTALAÇÃO DA OBRA | D6: =PLANILHA!J31 -> 112458.13 | E6: =D6/$D$69 -> 0.016852417 | F6: 0.1706 | G6: 0.0719 | H6: 0.0719 | I6: 0.0719 | J6: 0.0719 | K6: 0.0719 | L6: 0.0719 | M6: 0.0719 | N6: 0.0719 | O6: 0.0719 | P6: 0.0719 | Q6: 0.1104 | R6: =SUM(F6:Q6) -> 1
C7: =VLOOKUP(B7,PLANILHA!B:K,4,) -> #N/A | F7: 19180.72 | G7: 8083.01 | H7: 8083.01 | I7: 8083.01 | J7: 8083.01 | K7: 8083.01 | L7: 8083.01 | M7: 8083.01 | N7: 8083.01 | O7: 8083.01 | P7: 8083.01 | Q7: 12447.31 | R7: =SUM(F7:Q7) -> 112458.13
B9: =PLANILHA!B33 -> 02.00 | C9: =VLOOKUP(B9,PLANILHA!B:K,4,) -> ADMINISTRAÇÃO | D9: =PLANILHA!J36 -> 554768.32 | E9: =D9/$D$69 -> 0.083134826 | F9: 0.0062441444 | G9: 0.011693019 | H9: 0.039918774 | I9: 0.082218214 | J9: 0.11371543 | K9: 0.16204203 | L9: 0.15134261 | M9: 0.12872991 | N9: 0.10396481 | O9: 0.094350533 | P9: 0.066412606 | Q9: 0.039367921 | R9: =SUM(F9:Q9) -> 1
C10: =VLOOKUP(B10,PLANILHA!B:K,4,) -> #N/A | F10: =$D$9*F9 -> 3464.0535 | G10: =$D$9*G9 -> 6486.9167 | H10: =$D$9*H9 -> 22145.671 | I10: =$D$9*I9 -> 45612.06 | J10: =$D$9*J9 -> 63085.717 | K10: =$D$9*K9 -> 89895.786 | L10: =$D$9*L9 -> 83960.083 | M10: =$D$9*M9 -> 71415.275 | ... Q10: =$D$9*Q9 -> 21840.075 | R10: =SUM(F10:Q10) -> 554768.32
B12: =PLANILHA!B38 -> 03.00 | C12: =VLOOKUP(B12,PLANILHA!B:K,4,) -> DEMOLIÇÕES E REMOÇÕES | D12: =PLANILHA!J51 -> 47118.1 | E12: =D12/$D$69 -> 0.0070608846 | F12: 0.4 | G12: 0.6 | R12: =SUM(F12:Q12) -> 1
C13: =VLOOKUP(B13,PLANILHA!B:K,4,) -> #N/A | F13: =$D$12*F12 -> 18847.24 | G13: =$D$12*G12 -> 28270.86 | R13: =SUM(F13:Q13) -> 47118.1
B15: =PLANILHA!B53 -> 04.00 | C15: =VLOOKUP(B15,PLANILHA!B:K,4,) -> MOVIMENTAÇÃO DE TERRA | D15: =PLANILHA!J68 -> 1800.38 | E15: =D15/$D$69 -> 0.00026979601 | F15: 0.1 | G15: 0.3 | H15: 0.3 | I15: 0.3 | R15: =SUM(F15:Q15) -> 1
C16: =VLOOKUP(B16,PLANILHA!B:K,4,) -> #N/A | F16: =$D$15*F15 -> 180.038 | G16: =$D$15*G15 -> 540.114 | H16: =$D$15*H15 -> 540.114 | I16: =$D$15*I15 -> 540.114 | R16: =SUM(F16:Q16) -> 1800.38
B18: =PLANILHA!B70 -> 05.00 | C18: =VLOOKUP(B18,PLANILHA!B:K,4,) -> FUNDAÇÃO EDIFICAÇÃO | D18: =PLANILHA!J79 -> 8252.37 | E18: =D18/$D$69 -> 0.0012366592 | G18: 0.4 | H18: 0.3 | I18: 0.3 | R18: =SUM(F18:Q18) -> 1
C19: =VLOOKUP(B19,PLANILHA!B:K,4,) -> #N/A | G19: =$D$18*G18 -> 3300.948 | H19: =$D$18*H18 -> 2475.711 | I19: =$D$18*I18 -> 2475.711 | R19: =SUM(F19:Q19) -> 8252.37
B21: =PLANILHA!B81 -> 06.00 | C21: =VLOOKUP(B21,PLANILHA!B:K,4,) -> ESTRUTURAS DE CONCRETO | D21: =PLANILHA!J97 -> 156774 | E21: =D21/$D$69 -> 0.023493373 | G21: 0.2 | H21: 0.3 | I21: 0.3 | J21: 0.2 | R21: =SUM(F21:Q21) -> 1
C22: =VLOOKUP(B22,PLANILHA!B:K,4,) -> #N/A | G22: =$D$21*G21 -> 31354.8 | H22: =$D$21*H21 -> 47032.2 | I22: =$D$21*I21 -> 47032.2 | J22: =$D$21*J21 -> 31354.8 | R22: =SUM(F22:Q22) -> 156774
B24: =PLANILHA!B99 -> 07.00 | C24: =VLOOKUP(B24,PLANILHA!B:K,4,) -> ALVENARIAS, DIVISOES E OUTROS - FORNECIMENTO E EXECUÇÃO | D24: =PLANILHA!J110 -> 226868.18 | E24: =D24/$D$69 -> 0.033997339 | H24: 0.25 | I24: 0.25 | J24: 0.3 | K24: 0.2 | R24: =SUM(F24:Q24) -> 1
C25: =VLOOKUP(B25,PLANILHA!B:K,4,) -> #N/A | H25: =$D$24*H24 -> 56717.045 | I25: =$D$24*I24 -> 56717.045 | J25: =$D$24*J24 -> 68060.454 | K25: =$D$24*K24 -> 45373.636 | R25: =SUM(F25:Q25) -> 226868.18
B27: =PLANILHA!B112 -> 08.00 | C27: =VLOOKUP(B27,PLANILHA!B:K,4,) -> COBERTURAS E FORROS - FORNECIMENTO E EXECUÇÃO | D27: =PLANILHA!J136 -> 528410.95 | E27: =D27/$D$69 -> 0.079185042 | J27: 0.25 | K27: 0.35 | L27: 0.3 | M27: 0.1 | R27: =SUM(F27:Q27) -> 1
C28: =VLOOKUP(B28,PLANILHA!B:K,4,) -> #N/A | J28: =$D$27*J27 -> 132102.74 | K28: =$D$27*K27 -> 184943.83 | L28: =$D$27*L27 -> 158523.28 | M28: =$D$27*M27 -> 52841.095 | R28: =SUM(F28:Q28) -> 528410.95
B30: =PLANILHA!B138 -> 09.00 | C30: =VLOOKUP(B30,PLANILHA!B:K,4,) -> INSTALAÇÕES ELÉTRICAS, CABEAMENTO ESTRUTURADO, CFTV, SOM, ALARME, TV E SPDA - FORNECIMENTO E INSTALAÇÃO | D30: =PLANILHA!J255 -> 687420.78 | E30: =D30/$D$69 -> 0.10301347 | H30: 0.1 | I30: 0.3 | J30: 0.25 | K30: 0.2 | L30: 0.15 | R30: =SUM(F30:Q30) -> 1
C31: =VLOOKUP(B31,PLANILHA!B:K,4,) -> #N/A | H31: =$D$30*H30 -> 68742.078 | I31: =$D$30*I30 -> 206226.23 | J31: =$D$30*J30 -> 171855.19 | K31: =$D$30*K30 -> 137484.16 | L31: =$D$30*L30 -> 103113.12 | R31: =SUM(F31:Q31) -> 687420.78
B33: =PLANILHA!B257 -> 10.00 | C33: =VLOOKUP(B33,PLANILHA!B:K,4,) -> HIDROSSANITÁRIO, PROTEÇÃO E COMBATE A INCÊNDIO e GLP- FORNECIMENTO E INSTALAÇÃO | D33: =PLANILHA!J399 -> 606629.48 | E33: =D33/$D$69 -> 0.090906482 | H33: 0.1 | I33: 0.3 | J33: 0.25 | K33: 0.2 | L33: 0.15 | R33: =SUM(F33:Q33) -> 1
C34: =VLOOKUP(B34,PLANILHA!B:K,4,) -> #N/A | H34: =$D$33*H33 -> 60662.948 | I34: =$D$33*I33 -> 181988.84 | J34: =$D$33*J33 -> 151657.37 | K34: =$D$33*K33 -> 121325.9 | L34: =$D$33*L33 -> 90994.422 | R34: =SUM(F34:Q34) -> 606629.48
B36: =PLANILHA!B401 -> 11.00 | C36: =VLOOKUP(B36,PLANILHA!B:K,4,) -> ESQUADRIA DE MADEIRA (MARCENARIA) - FORNECIMENTO E INSTALAÇÃO | D36: =PLANILHA!J408 -> 68033.82 | E36: =D36/$D$69 -> 0.010195211 | K36: 0.3 | L36: 0.3 | M36: 0.3 | N36: 0.1 | R36: =SUM(F36:Q36) -> 1
C37: =VLOOKUP(B37,PLANILHA!B:K,4,) -> #N/A | K37: =$D$36*K36 -> 20410.146 | L37: =$D$36*L36 -> 20410.146 | M37: =$D$36*M36 -> 20410.146 | N37: =$D$36*N36 -> 6803.382 | R37: =SUM(F37:Q37) -> 68033.82
B39: =PLANILHA!B410 -> 12.00 | C39: =VLOOKUP(B39,PLANILHA!B:K,4,) -> ESQUADRIAS DE ALUMÍNIO, ESPELHOS E ACESSORIOS - FORNECIMENTO E INSTALAÇÃO | D39: =PLANILHA!J420 -> 536544.85 | E39: =D39/$D$69 -> 0.080403948 | J39: 0.2 | K39: 0.2 | L39: 0.2 | M39: 0.3 | N39: 0.1 | R39: =SUM(F39:Q39) -> 1
C40: =VLOOKUP(B40,PLANILHA!B:K,4,) -> #N/A | J40: =$D$39*J39 -> 107308.97 | K40: =$D$39*K39 -> 107308.97 | L40: =$D$39*L39 -> 107308.97 | M40: =$D$39*M39 -> 160963.45 | N40: =$D$39*N39 -> 53654.485 | R40: =SUM(F40:Q40) -> 536544.85
B42: =PLANILHA!B422 -> 13.00 | C42: =VLOOKUP(B42,PLANILHA!B:K,4,) -> SERRALHERIA - FORNECIMENTO E INSTALAÇÃO | D42: =PLANILHA!J446 -> 287919.98 | E42: =D42/$D$69 -> 0.043146259 | K42: 0.2 | L42: 0.2 | M42: 0.3 | N42: 0.2 | O42: 0.1 | R42: =SUM(F42:Q42) -> 1
C43: =VLOOKUP(B43,PLANILHA!B:K,4,) -> #N/A | K43: =$D$42*K42 -> 57583.996 | L43: =$D$42*L42 -> 57583.996 | M43: =$D$42*M42 -> 86375.994 | N43: =$D$42*N42 -> 57583.996 | O43: =$D$42*O42 -> 28791.998 | R43: =SUM(F43:Q43) -> 287919.98
B45: =PLANILHA!B448 -> 14.00 | C45: =VLOOKUP(B45,PLANILHA!B:K,4,) -> REVESTIMENTOS | D45: =PLANILHA!J457 -> 252935.97 | E45: =D45/$D$69 -> 0.037903729 | J45: 0.1 | K45: 0.2 | L45: 0.2 | M45: 0.25 | N45: 0.15 | O45: 0.1 | R45: =SUM(F45:Q45) -> 1
C46: =VLOOKUP(B46,PLANILHA!B:K,4,) -> #N/A | J46: =$D$45*J45 -> 25293.597 | K46: =$D$45*K45 -> 50587.194 | L46: =$D$45*L45 -> 50587.194 | M46: =$D$45*M45 -> 63233.993 | N46: =$D$45*N45 -> 37940.395 | O46: =$D$45*O45 -> 25293.597 | R46: =SUM(F46:Q46) -> 252935.97
B48: =PLANILHA!B459 -> 15.00 | C48: =VLOOKUP(B48,PLANILHA!B:K,4,) -> PISOS, RODAPES, SOLEIRAS E PEITORIS | D48: =PLANILHA!J481 -> 678603.89 | E48: =D48/$D$69 -> 0.10169221 | K48: 0.2 | L48: 0.2 | M48: 0.25 | N48: 0.25 | O48: 0.1 | R48: =SUM(F48:Q48) -> 1
C49: =VLOOKUP(B49,PLANILHA!B:K,4,) -> #N/A | K49: =$D$48*K48 -> 135720.78 | L49: =$D$48*L48 -> 135720.78 | M49: =$D$48*M48 -> 169650.97 | N49: =$D$48*N48 -> 169650.97 | O49: =$D$48*O48 -> 67860.389 | R49: =SUM(F49:Q49) -> 678603.89
B51: =PLANILHA!B483 -> 16.00 | C51: =VLOOKUP(B51,PLANILHA!B:K,4,) -> PINTURA | D51: =PLANILHA!J504 -> 490079.84 | E51: =D51/$D$69 -> 0.073440932 | K51: 0.25 | L51: 0.2 | M51: 0.2 | N51: 0.2 | O51: 0.15 | R51: =SUM(F51:Q51) -> 1
C52: =VLOOKUP(B52,PLANILHA!B:K,4,) -> #N/A | K52: =$D$51*K51 -> 122519.96 | L52: =$D$51*L51 -> 98015.968 | M52: =$D$51*M51 -> 98015.968 | N52: =$D$51*N51 -> 98015.968 | O52: =$D$51*O51 -> 73511.976 | R52: =SUM(F52:Q52) -> 490079.84
B54: =PLANILHA!B506 -> 17.00 | C54: =VLOOKUP(B54,PLANILHA!B:K,4,) -> SERVICOS DIVERSOS | D54: =PLANILHA!J517 -> 95295.52 | E54: =D54/$D$69 -> 0.014280514 | N54: 0.3 | O54: 0.4 | P54: 0.15 | Q54: 0.15 | R54: =SUM(F54:Q54) -> 1
C55: =VLOOKUP(B55,PLANILHA!B:K,4,) -> #N/A | N55: =$D$54*N54 -> 28588.656 | O55: =$D$54*O54 -> 38118.208 | P55: =$D$54*P54 -> 14294.328 | Q55: =$D$54*Q54 -> 14294.328 | R55: =SUM(F55:Q55) -> 95295.52
B57: =PLANILHA!B519 -> 18.00 | C57: =VLOOKUP(B57,PLANILHA!B:K,4,) -> URBANIZAÇÃO E OBRAS COMPLEMENTARES | D57: =PLANILHA!J536 -> 318691.47 | E57: =D57/$D$69 -> 0.047757522 | M57: 0.1 | N57: 0.1 | O57: 0.3 | P57: 0.3 | Q57: 0.2 | R57: =SUM(F57:Q57) -> 1
C58: =VLOOKUP(B58,PLANILHA!B:K,4,) -> #N/A | M58: =$D$57*M57 -> 31869.147 | N58: =$D$57*N57 -> 31869.147 | O58: =$D$57*O57 -> 95607.441 | P58: =$D$57*P57 -> 95607.441 | Q58: =$D$57*Q57 -> 63738.294 | R58: =SUM(F58:Q58) -> 318691.47
B60: =PLANILHA!B538 -> 19.00 | C60: =VLOOKUP(B60,PLANILHA!B:K,4,) -> PLANTIO DE GRAMA | D60: =PLANILHA!J542 -> 5866.3 | E60: =D60/$D$69 -> 0.0008790946 | M60: 0.1 | N60: 0.1 | O60: 0.2 | P60: 0.3 | Q60: 0.3 | R60: =SUM(F60:Q60) -> 1
C61: =VLOOKUP(B61,PLANILHA!B:K,4,) -> #N/A | M61: =$D$60*M60 -> 586.63 | N61: =$D$60*N60 -> 586.63 | O61: =$D$60*O60 -> 1173.26 | P61: =$D$60*P60 -> 1759.89 | Q61: =$D$60*Q60 -> 1759.89 | R61: =SUM(F61:Q61) -> 5866.3
B63: =PLANILHA!B544 -> 20.00 | C63: =VLOOKUP(B63,PLANILHA!B:K,4,) -> QUADRA E ARQUIBANCADA | D63: =PLANILHA!J569 -> 955527.61 | E63: =D63/$D$69 -> 0.14319062 | L63: 0.1 | M63: 0.1 | N63: 0.15 | O63: 0.25 | P63: 0.3 | Q63: 0.1 | R63: =SUM(F63:Q63) -> 1
C64: =VLOOKUP(B64,PLANILHA!B:K,4,) -> #N/A | L64: =$D$63*L63 -> 95552.761 | M64: =$D$63*M63 -> 95552.761 | N64: =$D$63*N63 -> 143329.14 | O64: =$D$63*O63 -> 238881.9 | P64: =$D$63*P63 -> 286658.28 | Q64: =$D$63*Q63 -> 95552.761 | R64: =SUM(F64:Q64) -> 955527.61
B66: =PLANILHA!B571 -> 21.00 | C66: =VLOOKUP(B66,PLANILHA!B:K,4,) -> LIMPEZA DA OBRA | D66: =PLANILHA!J574 -> 53115.81 | E66: =D66/$D$69 -> 0.0079596716 | Q66: 1 | R66: =SUM(F66:Q66) -> 1
C67: =VLOOKUP(B67,PLANILHA!B:K,4,) -> #N/A | Q67: =$D$66*Q66 -> 53115.81 | R67: =SUM(F67:Q67) -> 53115.81
C69: TOTAL GERAL DA OBRA | D69: =ROUND(D6+D42+D39+D36+D33+D30+D27+D24+D21+D18+D15+D12+D9+D45+D48+D51+D54+D57+D60+D63+D66,2) -> 6673115.8 | E69: =ROUND(E6+E42+E39+E36+E33+E30+E27+E24+E21+E18+E15+E12+E9+E45+E48+E51+E54+E57+E60+E63+E66,2) -> 1
C71: % TOTAL | F71: =F73/$D$69 -> 0.0062447668 | G71: =G73/$D$69 -> 0.011694185 | H71: =H73/$D$69 -> 0.039921198 | I71: =I73/$D$69 -> 0.082221744 | J71: =J73/$D$69 -> 0.11371028 | K71: =K73/$D$69 -> 0.16202886 | L71: =L73/$D$69 -> 0.15133167 | M71: =M73/$D$69 -> 0.12872524 | ... Q71: =Q73/$D$69 -> 0.039374181 | R71: =SUM(F71:Q71) -> 1
C72: % TOTAL ACUMULADO | F72: =F74/$D$69 -> 0.0062447668 | G72: =F72+G71 -> 0.017938952 | H72: =G72+H71 -> 0.05786015 | I72: =H72+I71 -> 0.14008189 | J72: =I72+J71 -> 0.25379217 | K72: =J72+K71 -> 0.41582104 | L72: =K72+L71 -> 0.5671527 | M72: =L72+M71 -> 0.69587795 | N72: =M72+N71 -> 0.7998447 | ... Q72: =P72+Q71 -> 1 | R72: -
C73: VALOR TOTAL | F73: =F52+F49+F46+F43+F40+F37+F34+F31+F28+F25+F22+F19+F16+F7+F55+F58+F61+F13+F10+F64+F67 -> 41672.052 | G73: =G52+G49+G46+G43+G40+G37+G34+G31+G28+G25+G22+G19+G16+G7+G55+G58+G61+G13+G10+G64+G67 -> 78036.649 | H73: =H52+H49+H46+H43+H40+H37+H34+H31+H28+H25+H22+H19+H16+H7+H55+H58+H61+H13+H10+H64+H67 -> 266398.78 | I73: =I52+I49+I46+I43+I40+I37+I34+I31+I28+I25+I22+I19+I16+I7+I55+I58+I61+I13+I10+I64+I67 -> 548675.22 | J73: =J52+J49+J46+J43+J40+J37+J34+J31+J28+J25+J22+J19+J16+J7+J55+J58+J61+J13+J10+J64+J67 -> 758801.85 | K73: =K52+K49+K46+K43+K40+K37+K34+K31+K28+K25+K22+K19+K16+K7+K55+K58+K61+K13+K10+K64+K67 -> 1081237.4 | L73: =L52+L49+L46+L43+L40+L37+L34+L31+L28+L25+L22+L19+L16+L7+L55+L58+L61+L13+L10+L64+L67 -> 1009853.7 | M73: =M52+M49+M46+M43+M40+M37+M34+M31+M28+M25+M22+M19+M16+M7+M55+M58+M61+M13+M10+M64+M67 -> 858998.45 | ... Q73: =Q52+Q49+Q46+Q43+Q40+Q37+Q34+Q31+Q28+Q25+Q22+Q19+Q16+Q7+Q55+Q58+Q61+Q13+Q10+Q64+Q67 -> 262748.47 | R73: =SUM(F73:Q73) -> 6673115.8
C74: VALOR TOTAL ACUMULADO | F74: =F73 -> 41672.052 | G74: =G73+F74 -> 119708.7 | H74: =H73+G74 -> 386107.48 | I74: =I73+H74 -> 934782.7 | J74: =J73+I74 -> 1693584.5 | K74: =K73+J74 -> 2774821.9 | L74: =L73+K74 -> 3784675.6 | M74: =M73+L74 -> 4643674.1 | N74: =N73+M74 -> 5337456.3 | ... Q74: =Q73+P74 -> 6673115.8 | R74: -
F107: =F73/($D$69-$D$9) -> 0.0068109979 | G107: =G73/($D$69-$D$9) -> 0.01275453 | H107: =H73/($D$69-$D$9) -> 0.043540969 | I107: =I73/($D$69-$D$9) -> 0.089677029 | J107: =J73/($D$69-$D$9) -> 0.12402072 | K107: =K73/($D$69-$D$9) -> 0.17672049 | L107: =L73/($D$69-$D$9) -> 0.16505335 | M107: =M73/($D$69-$D$9) -> 0.14039713 | ... Q107: =Q73/($D$69-$D$9) -> 0.042944352
